AoeStats
← T-REXX | PATRICK

Arena

508458150Analyzed
4v4 RM · 10d ago on Sep 22, 2026· 59m 15s· 8 players
Game mode
Random Map
Map size
Large (8 player)
Population
200
Speed
Normal
Resources
Standard
Victory
Conquest
Starting age
Dark Age
Ending age
Imperial Age
RankedLock teamsTeams togetherTeam positionsShared explorationLock speedFull tech treeHidden civsTurbo modeCheats
Victory
Defeat
🇵🇪 Tupi · Peru
1423
+7
🇪🇸 Teutons · Spain
1309
+10
🇦🇷 Vietnamese · Argentina
1105
+18
🇦🇷 Persians · Argentina
1079
+19
🇮🇳 Malay · India
1233
-17
1171
-13
🇨🇳 Goths · China
1171
-13
🇹🇼 Poles · Taiwan
1118
-11
午夜屠猪男
9:01 Feudal Age
11:16 Loom
16:08 Fletching
21:49 Double-Bit Axe
25:02 Man-at-Arms
26:32 Scale Mail Armor
27:44 Forging
35:23 Castle Age
34:59 Horse Collar
41:15 Gold Mining
41:28 Heavy Plow
41:40 Bow Saw
41:30 Pikeman
42:11 Squires
51:06 Imperial Age
49:15 Chain Mail Armor
49:35 Iron Casting
51:31 Wheelbarrow
52:15 Conscription
51:57 Anarchy
51:45 Halberdier
52:20 Long Swordsman
53:20 Two-Handed Swordsman
54:38 Champion
56:40 Blast Furnace
56:17 Hand Cart
56:14 Perfusion
[BuluC]Not_the_Viper
3:36 Loom
10:39 Feudal Age
14:58 Castle Age
13:04 Double-Bit Axe
13:35 Horse Collar
15:50 Wheelbarrow
17:08 Wheelbarrow
16:48 Bow Saw
18:19 Fervor
18:16 Stone Mining
27:15 Sanctity
33:09 Imperial Age
30:27 Town Watch
31:51 Scale Barding Armor
31:57 Forging
32:23 Bloodlines
32:45 Husbandry
33:41 Chain Barding Armor
33:13 Cavalier
35:04 Plate Barding Armor
35:31 Iron Casting
36:55 Paladin
42:55 Gold Mining
44:47 Hand Cart
46:30 Two-Man Saw
45:33 Heavy Plow
45:58 Light Cavalry
47:03 Conscription
46:44 Tower Shields
48:37 Winged Hussar
50:55 Crop Rotation
53:39 Fletching
53:49 Padded Archer Armor
53:50 Scale Mail Armor
IdliDosa
12:34 Feudal Age
16:07 Castle Age
14:05 Double-Bit Axe
14:27 Horse Collar
16:35 Bow Saw
17:38 Heavy Plow
24:15 Arson
26:29 Forging
27:47 Iron Casting
28:18 Squires
30:27 Loom
31:18 Wheelbarrow
30:28 Town Watch
33:08 Hand Cart
36:55 Pikeman
40:16 Imperial Age
37:51 Gold Mining
37:51 Stone Mining
39:07 Halberdier
40:48 Blast Furnace
40:11 Conscription
42:20 Block Printing
42:32 Illumination
42:08 Devotion
42:30 Sanctity
44:50 Redemption
45:26 Forced Levy
44:52 Man-at-Arms
45:54 Long Swordsman
47:52 Two-Handed Swordsman
51:44 Ballistics
52:24 Chemistry
51:30 Siege Engineers
52:56 Fletching
54:24 Bodkin Arrow
52521
1:36 Loom
11:38 Feudal Age
16:33 Castle Age
15:05 Double-Bit Axe
15:04 Horse Collar
15:35 Gold Mining
16:36 Forging
18:54 Stone Mining
25:05 Bow Saw
24:56 Heavy Plow
25:06 Scale Barding Armor
25:47 Wheelbarrow
24:58 Town Watch
27:34 Chain Barding Armor
27:29 Bloodlines
27:40 Szlachta Privileges
28:59 Iron Casting
32:18 Imperial Age
33:12 Hand Cart
32:42 Town Watch
33:31 Conscription
32:35 Cavalier
33:16 Husbandry
34:34 Blast Furnace
34:14 Lechitic Legacy
34:12 Light Cavalry
38:13 Winged Hussar
41:27 Squires
41:12 Arson
41:30 Scale Mail Armor
40:53 Elite Obuch
42:46 Chemistry
42:06 Ballistics
43:07 Stone Shaft Mining
43:50 Chain Mail Armor
45:07 Plate Mail Armor
44:51 Treadmill Crane
45:24 Fortified Wall
45:29 Fletching
46:15 Crop Rotation
45:30 Pikeman
49:07 Bodkin Arrow
El coco
6:21 Loom
8:56 Feudal Age
10:13 Wheelbarrow
9:24 Town Watch
10:43 Fletching
16:12 Double-Bit Axe
16:57 Horse Collar
25:48 Castle Age
25:04 Stone Mining
26:57 Bow Saw
27:11 Heavy Plow
27:07 Bodkin Arrow
29:06 Guard Tower
32:13 Fortified Wall
32:15 Gold Mining
35:17 Forging
35:13 Scale Barding Armor
35:40 Hand Cart
35:25 Town Patrol
35:41 Hand Cart
36:30 Stone Shaft Mining
36:47 Ballistics
37:05 Iron Casting
38:55 Chain Barding Armor
41:43 Imperial Age
39:49 Bloodlines
41:02 Masonry
41:45 Cavalier
42:46 Conscription
43:31 Blast Furnace
43:11 Plate Barding Armor
43:14 Paladin
46:02 Siege Engineers
48:17 Padded Archer Armor
49:03 Crop Rotation
49:38 Hoardings
51:06 Leather Archer Armor
T-REXX | PATRICK
11:16 Feudal Age
11:39 Loom
12:31 Double-Bit Axe
15:06 Castle Age
13:51 Horse Collar
15:46 Fletching
29:22 Imperial Age
27:16 Bodkin Arrow
28:29 Padded Archer Armor
29:38 Bow Saw
29:31 Heavy Plow
30:05 Bracer
32:28 Chemistry
32:27 Pikeman
33:09 Champi Runner
33:51 Scale Mail Armor
34:30 Squires
33:53 Champi Warrior
34:49 Chain Mail Armor
35:29 Wheelbarrow
34:58 Halberdier
38:01 Forging
39:57 Plate Mail Armor
40:54 Iron Casting
41:35 Two-Man Saw
43:46 Elite Ibirapema Warrior
45:30 Conscription
46:45 Hand Cart
48:09 Arson
49:29 Gold Mining
49:30 Stone Mining
53:29 Ballistics
55:26 Hoardings
57:36 Gold Shaft Mining
59:20 Leather Archer Armor
A pelubi
10:35 Feudal Age
11:23 Horse Collar
11:29 Double-Bit Axe
12:56 Wheelbarrow
13:25 Stone Mining
14:54 Gold Mining
20:27 Castle Age
19:18 Fletching
19:33 Padded Archer Armor
19:31 Gold Mining
21:21 Bow Saw
21:12 Heavy Plow
22:10 Stone Shaft Mining
21:44 Thumb Ring
21:01 Crossbowman
21:49 Loom
22:37 Bodkin Arrow
28:58 Imperial Age
31:29 Hand Cart
41:47 Arbalester
43:14 Ballistics
52:08 Chemistry
51:28 Bracer
51:44 Leather Archer Armor
60:04 Paper Money
59:05 Elite Rattan Archer
poteytor123
10:57 Feudal Age
13:56 Wheelbarrow
14:15 Loom
18:00 Castle Age
15:53 Double-Bit Axe
18:20 Horse Collar
20:18 Bow Saw
20:56 Gold Mining
26:29 Hand Cart
26:37 Scale Barding Armor
27:16 Stone Mining
27:48 Heavy Plow
28:25 Pikeman
29:16 Gambesons
32:29 Imperial Age
30:45 Bloodlines
30:59 Chain Barding Armor
30:50 Forging
30:43 Husbandry
32:23 Cavalier
34:40 Gold Shaft Mining
34:27 Town Watch
34:05 Savar
35:09 Elite War Elephant
36:13 Conscription
36:59 Plate Barding Armor
37:00 Iron Casting
36:34 Caravan
36:45 Town Patrol
42:02 Halberdier
44:03 Blast Furnace
43:04 Scale Mail Armor
45:09 Squires
Connection lost

Rejoining the realm…

Still unreachable

The connection could not be restored.

Session expired

The server has moved on; the page needs a fresh start.